 Dungeon Crawl Stone Soup version 0.21.1-1-g345015f (webtiles) character file.

602 tidbits the Grave Robber (level 7, 24/51 HPs)
             Began as a Gnoll Necromancer on June 29, 2018.
             Was an Initiate of Cheibriados.
             Quit the game on level 8 of the Dungeon.
             The game lasted 00:08:12 (653 turns).

tidbits the Grave Robber (Gnoll Necromancer)         Turns: 653, Time: 00:08:13

Health: 24/51      AC:  2    Str: 11    XL:     7   Next: 41%
Magic:  14/15      EV:  8    Int: 21    God:    Cheibriados [......]
Gold:   87         SH:  0    Dex: 16    Spells: 1/17 levels left

rFire    . . .     SeeInvis .   b - +0 lajatang
rCold    . . .     Gourm    .   (shield currently unavailable)
rNeg     . . .     Faith    .   h - +0 robe
rPois    .         Spirit   .   (no helmet)
rElec    .         Reflect  .   (no cloak)
rCorr    .         Harm     .   (no gloves)
MR       .....                  (no boots)
Stlth    +++.......             (no amulet)
HPRegen  0.17/turn              (no ring)
MPRegen  0.14/turn              (no ring)

@: petrifying, very slightly contaminated, very slow
A: distributed training, fangs 1, strong nose
a: Bend Time, Renounce Religion


You were on level 8 of the Dungeon.
You worshipped Cheibriados.
Cheibriados was noncommittal.
You were not hungry.

You visited 1 branch of the dungeon, and saw 8 of its levels.

You collected 87 gold pieces.

Inventory:

Hand Weapons
 a - a +0 dagger
 b - a +0 lajatang (weapon)
 f - a +1 short sword of speed
   (You took it off a kobold on level 1 of the Dungeon)
 g - a +4 shortbow
Missiles
 n - 19 arrows
Armour
 h - a +0 robe (worn)
 i - a +2 shield
Scrolls
 d - a scroll of remove curse
Potions
 l - a potion of resistance
 o - a potion of curing
Books
 m - a book of Necromancy

   Spells                             Type                      Level
   a - Pain                           Necromancy                   1
   b - Animate Skeleton               Necromancy                   1
   c - Vampiric Draining              Necromancy                   3
   d - Regeneration                   Charms/Necromancy            3
   e - Animate Dead                   Necromancy                   4
   f - Borgnjor's Vile Clutch         Necromancy/Earth             5
Comestibles
 c - 2 rations


   Skills:
 + Level 2.4 Fighting
 + Level 2.4 Short Blades
 + Level 2.4 Long Blades
 + Level 2.4 Axes
 + Level 2.4 Maces & Flails
 + Level 2.4 Polearms
 + Level 2.4 Staves
 + Level 2.4 Slings
 + Level 2.4 Bows
 + Level 2.4 Crossbows
 + Level 2.4 Throwing
 + Level 2.4 Armour
 + Level 5.2 Dodging
 + Level 4.9 Stealth
 + Level 2.4 Shields
 + Level 2.4 Unarmed Combat
 + Level 5.6 Spellcasting
 + Level 2.0 Conjurations
 + Level 2.0 Hexes
 + Level 2.0 Charms
 + Level 2.0 Summonings
 + Level 7.4 Necromancy
 + Level 2.0 Translocations
 + Level 2.0 Transmutations
 + Level 2.0 Fire Magic
 + Level 2.0 Ice Magic
 + Level 2.0 Air Magic
 + Level 2.0 Earth Magic
 + Level 2.0 Poison Magic
 + Level 2.7 Invocations
 + Level 2.4 Evocations


You had one spell level left.
You knew the following spells:

 Your Spells              Type           Power        Failure   Level  Hunger
d - Vampiric Draining     Necr           #####.....   1%          3    ##.....
n - Animate Skeleton      Necr           N/A          1%          1    None
r - Regeneration          Chrm/Necr      ####......   4%          3    ##.....
v - Borgnjor's Vile Clut  Necr/Erth      ####......   38%         5    #####..
N - Animate Dead          Necr           N/A          4%          4    ####...


Dungeon Overview and Level Annotations

Branches:
Dungeon (8/15)
 Temple: D:4-7         Lair: D:8-11

Altars:
Cheibriados
Vehumet

Annotations:
D:8 dscm's ghost, novice OpEE


Innate Abilities, Weirdness & Mutations

Your experience applies equally to all skills.
You have very sharp teeth.
Your uncanny sense of smell can sniff out nearby items.


Message History

You feel sick. Tidbits's ghost hits you.
* * * LOW HITPOINT WARNING * * *
Tidbits's ghost completely misses you.
Tidbits's ghost's shroud bends your attack away.
You feel sick.
Tidbits's ghost whispers, "The ORB doesn't exist."
Tidbits's ghost mumbles some strange words.
Tidbits's ghost's wounds begin to heal before your eyes!
You closely miss tidbits's ghost. You bite tidbits's ghost.
Tidbits's ghost is almost destroyed.
Your skin is crawling a little less now.
You feel sick. Tidbits's ghost hits you.
* * * LOW HITPOINT WARNING * * *
You miss tidbits's ghost. Your bite misses tidbits's ghost.
Tidbits's ghost is almost destroyed.
You feel sick. Tidbits's ghost misses you.
You slash tidbits's ghost!
You destroy tidbits's ghost!
Cheibriados appreciates the change of pace.
Your Conjurations skill increases to level 2!
Your Hexes skill increases to level 2!
Your Charms skill increases to level 2!
Your Summonings skill increases to level 2!
Your Translocations skill increases to level 2!
Your Transmutations skill increases to level 2!
Your Fire Magic skill increases to level 2!
Your Ice Magic skill increases to level 2!
Your Air Magic skill increases to level 2!
Your Earth Magic skill increases to level 2!
Your Poison Magic skill increases to level 2!
You feel sick.
Unknown command.
Casting: Regeneration
Confirm with . or Enter, or press ? or * to list all spells.
Your skin crawls.
You feel sick.
Unknown command.
You feel sick.
You feel sick.
You feel sick.
Unknown command.
You feel sick.
Found 16 gold pieces.
You feel sick.
You feel sick.
Your skin is crawling a little less now.
You feel sick.
Found a stone staircase leading down.
A bullfrog comes into view.
All of the chunks of flesh in your inventory have rotted away.
You start to feel less resistant.
You see here 16 gold pieces.
Unknown command.
You now have 77 gold pieces (gained 16).
You feel sick.
An orc warrior comes into view. It is wielding a short sword.
Your skin stops crawling.
An orc priest comes into view. It is wielding a hand axe.
There is a stone staircase leading down here.
Unknown command.
The bullfrog gives a loud, deep croak!
You climb downwards.
Found a scroll labeled FUFUDI ZAFUD and 13 gold pieces.
There is a stone staircase leading up here.
Unknown command.
Memorise Animate Dead, consuming 4 spell levels and leaving 1?
Your resistance to elements expires.
You feel sick.
You start memorising the spell.
You continue memorising. x4
You feel sick.
You finish memorising.
Spell assigned to 'N'.
Found 10 gold pieces.
A leopard gecko comes into view.
You feel sick.
You are no longer poisoned.
Found 2 scrolls labeled HOUQIL TI VOU.
Found a stone staircase leading up.
Dscm's ghost (novice Octopode Earth Elementalist) comes into view.
You see here a scroll labeled FUFUDI ZAFUD.
e - a scroll labeled FUFUDI ZAFUD You feel a little less agile now.
You see here 10 gold pieces.
You now have 87 gold pieces (gained 10).
Okay, then.
Okay, then.
Unknown command.
A two-headed ogre comes into view.
It is wielding a giant club and a dire flail.
The two-headed ogre shouts in stereo!
Found 30 gold pieces.
Found a stone staircase leading down.
Found a leather armour.
Blink to where?
Press: ? - help, Dir - move target cursor You are very lightly contaminated with residual magic.
As you read the scroll labeled FUFUDI ZAFUD, it crumbles to dust.
It was a scroll of blinking.
The leopard gecko hisses angrily.
Dscm's ghost turns its malevolent gaze towards you.
The leopard gecko completely misses you.
Dscm's ghost stares at you and mumbles some strange words.
You are slowing down.
Are you sure you want to abandon this character and quit the game? (Confirm with "yes".)

#..##.##.####..#
#..#...#.# ..##
###?....?..## ...
....#......###.##
##$W...###.##...###.#
......# #...........
#.....###.##...###.
##.#.l>.O...........
#W##@##.####.#####.
...<.............
####.............#
......##.####..#
#.#...###.# ..# #
#.#$ #.. ..[ #.#. .
#.#. ##


You could see a two-headed ogre, dscm's ghost and a leopard gecko.

Vanquished Creatures
  The ghost of tidbits the Charmwright, an amateur GnSk of Cheibriados (D:7)
  A sky beast (D:6)
  An ogre (D:6)
  A centaur (D:6)
  A bullfrog (D:6)
  2 scorpions
  A hound skeleton (D:6)
  A gnoll (D:1)
  An adder (D:6)
  An ooze (D:1)
  A worm (D:5)
  A leopard gecko (D:2)
  A giant cockroach (D:3)
  A goblin (D:1)
  3 hobgoblins (D:1)
  3 kobolds
  A bat (D:1)
  A frilled lizard (D:2)
  4 rats
27 creatures vanquished.

Notes
Turn   | Place    | Note
-------+----------+-------------------------------------------
     0 | D:1      | tidbits the Gnoll Necromancer began the quest for the Orb.
     0 | D:1      | Reached XP level 1. HP: 13/13 MP: 6/6
    93 | D:1      | Reached XP level 2. HP: 7/20 MP: 0/7
   156 | D:1      | HP: 1/20 [hobgoblin/club (4)]
   260 | D:1      | Reached XP level 3. HP: 14/25 MP: 2/9
   263 | D:1      | Learned a level 1 spell: Animate Skeleton
   267 | D:1      | Learned a level 3 spell: Regeneration
   272 | D:1      | Learned a level 3 spell: Vampiric Draining
   293 | D:2      | Reached skill level 5 in Spellcasting
   352 | D:3      | You fall through a shaft for 2 floors!
   352 | D:5      | Entered Level 5 of the Dungeon
   352 | D:5      | Found a snail-covered altar of Cheibriados.
   362 | D:5      | Became a worshipper of Cheibriados the Contemplative
   431 | D:6      | Noticed an ogre
   436 | D:6      | Killed an ogre
   436 | D:6      | Reached skill level 1 in Fighting
   436 | D:6      | Reached skill level 1 in Short Blades
   436 | D:6      | Reached skill level 1 in Long Blades
   436 | D:6      | Reached skill level 1 in Axes
   436 | D:6      | Reached skill level 1 in Maces & Flails
   436 | D:6      | Reached skill level 1 in Polearms
   436 | D:6      | Reached skill level 1 in Staves
   436 | D:6      | Reached skill level 1 in Slings
   436 | D:6      | Reached skill level 1 in Bows
   436 | D:6      | Reached skill level 1 in Crossbows
   436 | D:6      | Reached skill level 1 in Throwing
   436 | D:6      | Reached skill level 1 in Armour
   436 | D:6      | Reached skill level 1 in Shields
   436 | D:6      | Reached skill level 1 in Unarmed Combat
   436 | D:6      | Reached skill level 1 in Conjurations
   436 | D:6      | Reached skill level 1 in Hexes
   436 | D:6      | Reached skill level 1 in Charms
   436 | D:6      | Reached skill level 1 in Summonings
   436 | D:6      | Reached skill level 1 in Translocations
   436 | D:6      | Reached skill level 1 in Transmutations
   436 | D:6      | Reached skill level 1 in Fire Magic
   436 | D:6      | Reached skill level 1 in Ice Magic
   436 | D:6      | Reached skill level 1 in Air Magic
   436 | D:6      | Reached skill level 1 in Earth Magic
   436 | D:6      | Reached skill level 1 in Poison Magic
   436 | D:6      | Reached skill level 1 in Invocations
   436 | D:6      | Reached skill level 1 in Evocations
   436 | D:6      | Reached XP level 4. HP: 30/32 MP: 7/11
   436 | D:6      | Reached XP level 5. HP: 35/37 MP: 7/12
   465 | D:6      | Noticed a centaur
   469 | D:6      | Reached XP level 6. HP: 13/44 MP: 1/13
   476 | D:6      | Learned a level 5 spell: Borgnjor's Vile Clutch
   490 | D:6      | Reached skill level 2 in Invocations
   501 | D:6      | Reached skill level 5 in Dodging
   503 | D:6      | Noticed a sky beast
   519 | D:6      | Killed a sky beast
   519 | D:6      | Reached skill level 2 in Fighting
   519 | D:6      | Reached skill level 2 in Short Blades
   519 | D:6      | Reached skill level 2 in Long Blades
   519 | D:6      | Reached skill level 2 in Axes
   519 | D:6      | Reached skill level 2 in Maces & Flails
   519 | D:6      | Reached skill level 2 in Polearms
   519 | D:6      | Reached skill level 2 in Staves
   519 | D:6      | Reached skill level 2 in Slings
   519 | D:6      | Reached skill level 2 in Bows
   519 | D:6      | Reached skill level 2 in Crossbows
   519 | D:6      | Reached skill level 2 in Throwing
   519 | D:6      | Reached skill level 2 in Armour
   519 | D:6      | Reached skill level 2 in Shields
   519 | D:6      | Reached skill level 2 in Unarmed Combat
   519 | D:6      | Reached skill level 2 in Evocations
   538 | D:6      | Found a radiant altar of Vehumet.
   553 | D:7      | Noticed tidbits's ghost (amateur GnSk)
   553 | D:7      | Reached XP level 7. HP: 38/50 MP: 6/15
   617 | D:7      | Killed tidbits's ghost
   617 | D:7      | Reached skill level 2 in Conjurations
   617 | D:7      | Reached skill level 2 in Hexes
   617 | D:7      | Reached skill level 2 in Charms
   617 | D:7      | Reached skill level 2 in Summonings
   617 | D:7      | Reached skill level 2 in Translocations
   617 | D:7      | Reached skill level 2 in Transmutations
   617 | D:7      | Reached skill level 2 in Fire Magic
   617 | D:7      | Reached skill level 2 in Ice Magic
   617 | D:7      | Reached skill level 2 in Air Magic
   617 | D:7      | Reached skill level 2 in Earth Magic
   617 | D:7      | Reached skill level 2 in Poison Magic
   639 | D:8      | Learned a level 4 spell: Animate Dead
   643 | D:8      | Noticed dscm's ghost (novice OpEE)
   648 | D:8      | Noticed a two-headed ogre
   653 | D:8      | Quit the game

Skill      XL: |  1  2  3  4  5  6  7 |
---------------+----------------------+-----
Spellcasting   | 5 |  5.6
Fighting       | 1 2 |  2.4
Short Blades   | 1 2 |  2.4
Long Blades    | 1 2 |  2.4
Axes           | 1 2 |  2.4
Maces & Flails | 1 2 |  2.4
Polearms       | 1 2 |  2.4
Staves         | 1 2 |  2.4
Slings         | 1 2 |  2.4
Bows           | 1 2 |  2.4
Crossbows      | 1 2 |  2.4
Throwing       | 1 2 |  2.4
Armour         | 1 2 |  2.4
Shields        | 1 2 |  2.4
Unarmed Combat | 1 2 |  2.4
Conjurations   | 1 2 |  2.0
Hexes          | 1 2 |  2.0
Charms         | 1 2 |  2.0
Summonings     | 1 2 |  2.0
Translocations | 1 2 |  2.0
Transmutations | 1 2 |  2.0
Fire Magic     | 1 2 |  2.0
Ice Magic      | 1 2 |  2.0
Air Magic      | 1 2 |  2.0
Earth Magic    | 1 2 |  2.0
Poison Magic   | 1 2 |  2.0
Invocations    | 1 2 |  2.7
Evocations     | 1 2 |  2.4
Dodging        | 5 |  5.2
Stealth        | |  4.9
Necromancy     | |  7.4

Action                   |  1- 3 |  4- 6 |  7- 9 || total
-------------------------+-------+-------+-------++-------
Melee: Short sword       |    11 |       |       ||    11
       Dagger            |     1 |     3 |       ||     4
       Lajatang          |       |     1 |    25 ||    26
       Bite              |       |     1 |     1 ||     2
 Cast: Pain              |    32 |    15 |     1 ||    48
       Regeneration      |     1 |       |     3 ||     4
       Vampiric Draining |       |     4 |       ||     4
       Animate Skeleton  |       |     1 |       ||     1
  Use: Potion            |     1 |     1 |     2 ||     4
       Scroll            |       |       |     5 ||     5
 Stab: Sleeping          |     3 |     2 |       ||     5
Armor: Robe              |     1 |     1 |     1 ||     3
Dodge: Dodged            |     9 |     3 |    20 ||    32

Table legend:
 A = Turns spent in this place as a percentage of turns spent in the entire game.
 B = Non-inter-level travel turns spent in this place as a percentage of non-inter-level travel turns spent in the entire game.
 C = Inter-level travel turns spent in this place as a percentage of turns spent in this place.
 D = Turns resting spent in this place as a percentage of non-inter-level travel turns spent in this place.
 E = Turns spent auto-exploring this place as a percentage of non-inter-level travel turns spent in this place.
 F = Non-inter-level travel turns spent in this place divided by the number of levels of this place that you've seen.
                   A       B       C       D       E      F
               +-------+-------+-------+-------+-------+----------------------
         Total | 100.0 | 100.0 |   1.7 |   0.0 |   0.0 |  80.2
       Dungeon | 100.0 | 100.0 |   1.7 |   0.0 |   0.0 |  80.2
               +-------+-------+-------+-------+-------+----------------------

Table legend:
 A = Kills in this place as a percentage of kills in entire the game.
 B = Kills by you in this place as a percentage of kills by you in the entire game.
 C = Kills by friends in this place as a percentage of kills by friends in the entire game.
 D = Other kills in this place as a percentage of other kills in the entire game.
 E = Experience gained in this place as a percentage of experience gained in the entire game.
 F = Experience gained in this place divided by the number of levels of this place that you have seen.
                   A       B       C       D       E      F
               +-------+-------+-------+-------+-------+----------------------
         Total | 100.0 | 100.0 |   N/A |   N/A | 100.0 | 107.6
       Dungeon | 100.0 | 100.0 |   N/A |   N/A | 100.0 | 107.6
               +-------+-------+-------+-------+-------+----------------------

Vault maps used:
D:1:      dpeg_arrival_solitude
D:2:      kennysheep_flooded_box, uniq_sigmund, uniq_jessica, uniq_natasha
D:3:      lemuel_flame_loot_1, uniq_purgy
D:5:      cheibrodos_iron_armory, lemuel_doored_altar, slow_altar_1,
          chequers_temple_overflow_statue_of_worship, first_ration
D:6:      minmay_cornered_nines, grunt_temple_overflow_growth_and_decay,
          lemuel_crystal_altar, old_standard_altar,
          minmay_temple_entry_nine_rooms
D:7:      kennysheep_little_box, grunt_livestock, kennysheep_generic_room_9,
          uniq_pikel, uniq_prince_ribbit1
